 Dungeon Crawl Stone Soup version 0.20.1-1-g8b1a95d (webtiles) character file.

47 vatarom the Vexing (level 3, -7/26 HPs)
             Began as a Formicid Arcane Marksman on Sept 23, 2017.
             Mangled by Robin
             ... wielding a +7 club
              (14 damage)
             ... on level 1 of the Dungeon.
             The game lasted 00:05:48 (1551 turns).

vatarom the Vexing (Formicid Arcane Marksman)       Turns: 1551, Time: 00:05:50

Health: -7/26      AC:  3    Str: 14    XL:     3   Next: 97%
Magic:  4/4        EV: 12    Int: 12    God:
Gold:   46         SH:  0    Dex: 12    Spells: 3/4 levels left

rFire    + . .     SeeInvis +   b - +0 dagger
rCold    . . .     Gourm    .   (no shield)
rNeg     . . .     Faith    .   e - +0 robe
rPois    .         Spirit   .   (helmet unavailable)
rElec    .         Reflect  .   h - +0 cloak
rCorr    .         Harm     .   (no gloves)
MR       .....                  (no boots)
Stlth    +.........             (no amulet)
Regen    0.1/turn               i - ring of protection from fire
MPRegen  0.1/turn               (no ring)

@: no status effects
A: permanent stasis, dig shafts and tunnels, four strong arms, antennae 3
a: Dig, Shaft Self


You were on level 1 of the Dungeon.
You were not hungry.

You visited 1 branch of the dungeon, and saw 2 of its levels.

You collected 46 gold pieces.

Inventory:

Hand Weapons
 a - a +0 hand crossbow
 b - a +0 dagger (weapon)
Missiles
 d - 11 bolts
Armour
 e - a +0 robe (worn)
 h - a +0 cloak (worn)
Jewellery
 i - a ring of protection from fire (left hand)
Books
 c - a book of Debilitation

   Spells                             Type                      Level
   a - Corona                         Hexes                        1
   b - Slow                           Hexes                        2
   c - Inner Flame                    Hexes/Fire                   3
   d - Portal Projectile              Hexes/Translocation          3
   e - Cause Fear                     Hexes                        4
   f - Leda's Liquefaction            Hexes/Earth                  4
Comestibles
 f - a bread ration


   Skills:
 + Level 1.5 Fighting
 * Level 3.1 Crossbows
 + Level 2.2 Dodging
 - Level 1.1 Spellcasting
 + Level 3.9 Hexes


You had 3 spell levels left.
You knew the following spells:

 Your Spells              Type           Power        Failure   Level  Hunger
a - Corona                Hex            ##.....      6%          1    ##.....


Dungeon Overview and Level Annotations

Branches:
Dungeon (2/15)

Altars:

Annotations:
D:1 Robin


Innate Abilities, Weirdness & Mutations

You cannot be hasted, slowed, berserked, paralysed or teleported.
You can dig through walls and to a lower floor.
Your four strong arms can wield two-handed weapons with a shield.
You have a pair of large antennae on your head. (SInv)


Message History

Robin hits you with an enchanted club!
You climb upwards.
There is a stone staircase leading down here.
You hit Robin.
Robin is moderately wounded.
Robin hits you with an enchanted club.
You hit Robin.
Robin is heavily wounded.
Robin misses you.
You hit Robin.
Robin is severely wounded.
You barely miss Robin.
Robin is severely wounded.
Robin hits you with an enchanted club.
* * * LOW HITPOINT WARNING * * *
You hit Robin but do no damage.
Robin is severely wounded.
Robin hits you with an enchanted club!
Ouch! That really hurt!
You die...

##...## #.....#
.....############
.##.....(.......####
.##.#####†####.....#
###.# ##...###..##.#
##+###....)##..##)#
##..##.#†..#.##)##.#
#..##.8.8.8.8.##@).####
...#...........#g=....#
...'...........+...##.#
...#...........##.###.#
...##.8.8.8.8.##..# #.#
....##.#...#.##.### #.#
#....##.....##..#####.#
#.....##...###........#
#.#'#####+## #.########


You could see Robin.

Vanquished Creatures
  A worm (D:1)
  4 leopard geckos (D:1)
  5 goblins
  9 hobgoblins (D:1)
  A quokka (D:1)
  5 bats (D:1)
  2 frilled lizards (D:1)
  3 kobolds (D:1)
  11 rats (D:1)
41 creatures vanquished.

Notes
Turn   | Place    | Note
-------+----------+-------------------------------------------
     0 | D:1      | vatarom the Formicid Arcane Marksman began the quest for the Orb.
     0 | D:1      | Reached XP level 1. HP: 15/15 MP: 2/2
     0 | D:1      | Noticed a green draconian
     0 | D:1      | Noticed an iron dragon
     1 | D:1      | Noticed an ice dragon
     1 | D:1      | Noticed an iron dragon
     3 | D:1      | Noticed an iron dragon
     5 | D:1      | Noticed an ice dragon
     8 | D:1      | Noticed a shadow dragon
    12 | D:1      | Noticed a tentacled monstrosity
    14 | D:1      | Noticed an ice dragon
    16 | D:1      | Noticed a large abomination
    16 | D:1      | Noticed a shadow dragon
    16 | D:1      | Noticed an orb of fire
    18 | D:1      | Noticed a shadow dragon
    18 | D:1      | Noticed a large abomination
    20 | D:1      | Noticed a large abomination
    22 | D:1      | Noticed a shadow dragon
   192 | D:1      | Reached XP level 2. HP: 21/21 MP: 3/3
   651 | D:1      | Reached XP level 3. HP: 22/26 MP: 4/4
  1159 | D:2      | Noticed Robin
  1551 | D:1      | Mangled by Robin

Skill      XL: |  1  2  3 |
---------------+----------+-----
Dodging        | 2 |  2.2
Crossbows      | 3 |  3.1
Fighting       | |  1.5
Spellcasting   | |  1.1
Hexes          | |  3.9

Action                   || total
-------------------------++-------
Melee: Unarmed           ||   109
       Dagger            ||    34
 Fire: Hand crossbow     ||    41
  Use: Scroll            ||     7
  Eat: Chunk             ||     2
Armor: Robe              ||    49
Dodge: Dodged            ||   152
